 Dungeon Crawl Stone Soup version bcrawl-1.21.2-28-g2cb1824106 (webtiles) character file.

Game seed: 15467744107792293847

118 Mrkan the Poker (level 5, -1/42 HPs)
             Began as a Merfolk Monk on Mar 23, 2020.
             Slain by a gnoll
             ... wielding a +0 spear
              (7 damage)
             ... on level 2 of the Dungeon.
             The game lasted 00:03:34 (2592 turns).

Mrkan the Poker (Merfolk Monk)                      Turns: 2592, Time: 00:03:34

Health: -1/42      AC:  5    Str: 13    XL:     5   Next: 2%
Magic:  0/6        EV: 15    Int:  9    God:
Gold:   119        SH:  0    Dex: 16    Spells: 4/4 levels left

rFire    . . .     SeeInvis .   a - +0 spear
rCold    . . .     Gourm    .   (no shield)
rNeg     . . .     Faith    .   b - +0 robe
rPois    .         Spirit   +   c - +0 hat
rElec    .         Reflect  .   l - +2 cloak
rCorr    .         Harm     .   (no gloves)
MR       .....                  (no boots)
Stlth    ++........             d - amulet of guardian spirit
HPRegen  0.14/turn              (no ring)
MPRegen  0.10/turn              (no ring)

@: no status effects
A: change form in water, swift swim, stealthy swim
a: no special abilities


You were on level 2 of the Dungeon.
You were not hungry.

You visited 1 branch of the dungeon, and saw 2 of its levels.

You collected 119 gold pieces.

Inventory:

Hand Weapons
 a - a +0 spear (weapon)
Armour
 b - a +0 robe (worn)
 c - a +0 hat (worn)
 l - a +2 cloak (worn)
Jewellery
 d - an amulet of guardian spirit (around neck)
 f - a cursed +1 ring of protection {unknown}
 g - an uncursed ring of wizardry {unknown}
 n - a cursed amulet of inaccuracy {unknown}
Scrolls
 e - a scroll of identify {unknown}
 h - a scroll of remove curse {unknown}
 i - a scroll of enchant armour {unknown}
 m - 2 scrolls of amnesia {unknown}
Potions
 j - a potion of curing {unknown}
 k - a potion of magic {unknown}


   Skills:
 + Level 4.1 Fighting
 * Level 6.5 Polearms
 + Level 5.0 Dodging
 - Level 2.4 Stealth
   Level 2.1 Invocations


You had 4 spell levels left.
You didn't know any spells.
Your spell library was empty.

Dungeon Overview and Level Annotations

Branches:
Dungeon (2/12)

Altars:


Message History

Press: ? - help, Dir - move target cursor, f/p - gnoll
Aim: a gnoll, wielding a +0 spear (severely wounded)
The gnoll is in the way.
You closely miss the gnoll.
The gnoll is severely wounded.
The gnoll closely misses you.
Attack whom?
Press: ? - help, Dir - move target cursor, f/p - gnoll
Aim: a gnoll, wielding a +0 spear (severely wounded)
The gnoll is in the way.
You closely miss the gnoll.
The gnoll is severely wounded.
The gnoll completely misses you.
Attack whom?
Press: ? - help, Dir - move target cursor, f/p - gnoll
Aim: a gnoll, wielding a +0 spear (severely wounded)
You reach to attack!
You barely miss the gnoll.
The gnoll is severely wounded.
The gnoll hits you.
* * * LOW HITPOINT WARNING * * *
The gnoll hits you from afar with a +0 spear!
You die...

........#. #.......#
.......... ##.).....#
.........# #........#
##.##...# #####......!.#
##.###..# #............#
........###.####g......#
#.#####..#..# #g####### #.#
#...## #g#
#.######...#####@#
#.#[.......##....#
#...######..#.#######
#.#####..)#.........########
###
##.........####........##
#....<......# ########..#
#...........# ##.##
#>........[.# ##..#
##.........### ####.(.#


You could see 3 gnolls.

Vanquished Creatures
  2 adders (D:2)
  4 gnolls
  3 worms (D:2)
  A dart slug (D:1)
  2 leopard geckos (D:1)
  An orc (D:2)
  A ball python (D:1)
  2 giant cockroaches (D:1)
  4 goblins
  6 hobgoblins
  4 jackals
  7 kobolds
  2 quokkas (D:1)
  3 bats
  2 rats
44 creatures vanquished.

Notes
Turn   | Place    | Note
-------+----------+-------------------------------------------
     0 | D:1      | Mrkan the Merfolk Monk began the quest for the Orb.
     0 | D:1      | Reached XP level 1. HP: 18/18 MP: 2/2
    66 | D:1      | Reached XP level 2. HP: 24/24 MP: 3/3
   155 | D:1      | Reached skill level 5 in Polearms
   751 | D:1      | Reached XP level 3. HP: 28/29 MP: 4/4
  1205 | D:2      | HP: 1/30 [gnoll/cursed +0 spear (2)]
  1501 | D:2      | Reached XP level 4. HP: 21/37 MP: 2/5
  1675 | D:1      | Reached skill level 6 in Polearms
  2418 | D:2      | Reached XP level 5. HP: 36/42 MP: 6/6
  2427 | D:2      | Reached skill level 5 in Dodging
  2592 | D:2      | Slain by a gnoll

Skill      XL: |  1  2  3  4  5 |
---------------+----------------+-----
Polearms       | 5 6 |  6.5
Fighting       | 4 |  4.1
Dodging        | 5 |  5.0
Stealth        | |  2.4
Invocations    | |  2.1

Action                   |  1- 3 |  4- 6 || total
-------------------------+-------+-------++-------
Melee: Spear             |   137 |   115 ||   252
 Stab: Sleeping          |     1 |       ||     1
  Eat: Chunk             |     1 |     1 ||     2
       Ration            |       |     1 ||     1
Armor: Robe              |    47 |    13 ||    60
Dodge: Dodged            |   155 |   102 ||   257
